 Dungeon Crawl Stone Soup version 0.22.1-5-g62c59d919a (webtiles) character file.

1377 Peloso the Shield-Bearer (level 8, -6/70 HPs)
             Began as a Minotaur Fighter on Jan 8, 2019.
             Was a Believer of Okawaru.
             Mangled by a large abomination (7 damage)
             ... on level 1 of the Abyss.
             The game lasted 00:09:17 (4403 turns).

Peloso the Shield-Bearer (Minotaur Fighter)         Turns: 4403, Time: 00:09:17

Health: -6/70      AC: 10    Str: 27    XL:     8   Next: 39%
Magic:  15/16      EV:  8    Int:  9    God:    Okawaru [**....]
Gold:   404        SH: 12    Dex: 15    Spells: 7/7 levels left

rFire    . . .     SeeInvis .   a - +0 long sword
rCold    . . .     Gourm    .   c - +0 shield
rNeg     . . .     Faith    .   p - +0 chain mail
rPois    .         Spirit   .   (helmet restricted)
rElec    .         Reflect  .   (no cloak)
rCorr    .         Harm     .   (no gloves)
MR       +....                  (no boots)
Stlth    ..........             A - amulet of the acrobat
HPRegen  0.21/turn              t - ring of wizardry
MPRegen  0.15/turn              C - ring "Udosho" {MR+ MP+9 Int+4 Dex+4}

@: mighty
A: retaliatory headbutt, horns 2
a: Heroism, Renounce Religion


You were on level 1 of the Abyss.
You worshipped Okawaru.
Okawaru was pleased with you.
You were full.

You visited 1 branch of the dungeon, and saw 6 of its levels.
You visited the Abyss 1 time.

You collected 404 gold pieces.

Inventory:

Hand Weapons
 a - a +0 long sword (weapon)
Armour
 b - a +0 scale mail
 c - a +0 shield (worn)
 p - a +0 chain mail (worn)
Jewellery
 t - a ring of wizardry (left hand)
 v - an uncursed amulet of the gourmand
 A - an amulet of the acrobat (around neck)
 C - the ring "Udosho" (right hand) {MR+ MP+9 Int+4 Dex+4}
   (You found it on level 5 of the Dungeon)

   [ring of magical power]

   It affects your intelligence (+4).
   It affects your dexterity (+4).
   It affects your resistance to hostile enchantments.
   It affects your magic capacity (+9).
Wands
 u - a wand of flame (4)
Scrolls
 g - 3 scrolls of identify
 j - 2 scrolls of immolation {unknown}
 m - 4 scrolls of remove curse
 n - 4 scrolls of teleportation
 o - 6 scrolls of enchant weapon {unknown}
 r - a scroll of enchant armour {unknown}
 x - a scroll of fog {unknown}
 y - a scroll of magic mapping {unknown}
 z - a scroll of amnesia {unknown}
 B - a scroll of blinking {unknown}
Potions
 e - 6 potions of curing
 h - a potion of agility {unknown}
 i - 2 potions of flight {unknown}
 k - a potion of invisibility
 l - 2 potions of berserk rage
 q - 3 potions of heal wounds {unknown}
 s - a potion of brilliance {unknown}
 w - 4 potions of haste {unknown}
Comestibles
 f - 14 rations


   Skills:
 + Level 5.7 Fighting
 + Level 7.5 Long Blades
 + Level 6.2 Armour
 + Level 2.3 Dodging
 + Level 0.4 Stealth
 + Level 7.6 Shields
 + Level 0.1 Invocations


You had 7 spell levels left.
You didn't know any spells.
Your spell library contained the following spells:

 Spells                   Type           Power        Failure   Level  Hunger
 Animate Skeleton         Necr           N/A          89%         1    ##.....
 Pain                     Necr           #...         89%         1    ##.....
 Regeneration             Chrm/Necr      #.........   99%         3    ####...
 Vampiric Draining        Necr           #.........   99%         3    ####...
 Animate Dead             Necr           N/A          100%        4    #####..


Dungeon Overview and Level Annotations

Branches:
Dungeon (6/15)
 Temple: D:4-7

Altars:
Gozag
Hepliaklqana
Okawaru
Ru
Uskayaw
Wu Jian
Zin
The Shining One

Shops:
D:5 (

Annotations:
D:6 Blork the orc


Innate Abilities, Weirdness & Mutations

You reflexively headbutt those who attack you in melee.
You have a pair of horns on your head.


Message History

You headbutt the large abomination, but do no damage.
The large abomination is moderately damaged.
The large abomination barely misses you.
You riposte.
You hit the large abomination but do no damage.
Your headbutt misses the large abomination.
The large abomination is moderately damaged.
You feel very mighty all of a sudden. The large abomination misses you.
You riposte.
You hit the large abomination.
You headbutt the large abomination, but do no damage.
The large abomination is moderately damaged.
You hit the large abomination but do no damage.
The large abomination is moderately damaged.
The large abomination hits you!!
* * * LOW HITPOINT WARNING * * *
You hit the large abomination but do no damage.
The large abomination is moderately damaged.
You feel like a meek peon again. The large abomination hits you!
You die...

.ยง . . .. .....
....?.# .....
#....... . ...
#####..........
......... ...).
. #..#.. .
......
#........#
#..#####.#
#..@X...#.#
........##..####
....#.###.##
#..8##.##. #
.....#. ..## .
.#.##.# # .. #.
. ...... ### #.
.... ## #


You could see a large abomination.

Vanquished Creatures
  A ynoxinul (Abyss:1)
  A phantom (D:6)
  3 ogres
  A scorpion (D:6)
  A small abomination (Abyss:1)
  A howler monkey (D:4)
  A crimson imp (D:6)
  An orc priest (D:4)
  A jelly (D:5)
  3 orc wizards (D:3)
  6 hounds
  Ijyb (D:3)
  2 iguanas (D:5)
  5 worker ants
  Terence (D:2)
  4 gnolls
  5 adders
  4 worms
  A dart slug (D:1)
  3 leopard geckos
  6 orcs
  6 bats
  4 giant cockroaches
  6 goblins
  5 hobgoblins
  8 jackals
  5 kobolds
  A quokka (D:5)
  8 frilled lizards
  10 rats
105 creatures vanquished.

Notes
Turn   | Place    | Note
-------+----------+-------------------------------------------
     0 | D:1      | Peloso the Minotaur Fighter began the quest for the Orb.
     0 | D:1      | Reached XP level 1. HP: 19/19 MP: 0/0
   176 | D:1      | Reached XP level 2. HP: 25/27 MP: 1/1
   551 | D:1      | Reached XP level 3. HP: 33/33 MP: 2/2
   865 | D:2      | Found an ornate altar of the Wu Jian Council.
  1119 | D:2      | Noticed Terence
  1139 | D:2      | Killed Terence
  1139 | D:2      | Reached XP level 4. HP: 34/41 MP: 3/3
  1158 | D:2      | Found a glowing silver altar of Zin.
  1446 | D:2      | Found a glowing golden altar of the Shining One.
  1480 | D:2      | Found a sacrificial altar of Ru.
  1688 | D:3      | Noticed Ijyb
  1697 | D:3      | HP: 1/41 [Ijyb/wand of flame (5) (7)]
  1700 | D:3      | Killed Ijyb
  2009 | D:3      | Found a hide-covered altar of Uskayaw.
  2058 | D:3      | Found an opulent altar of Gozag.
  2104 | D:3      | Reached XP level 5. HP: 38/47 MP: 4/4
  2157 | D:3      | Reached skill level 1 in Dodging
  2298 | D:3      | Found an iron altar of Okawaru.
  2306 | D:3      | Became a worshipper of Warmaster Okawaru
  2389 | D:4      | Noticed an ogre
  2407 | D:4      | Reached skill level 5 in Armour
  2407 | D:4      | Reached skill level 5 in Shields
  2418 | D:4      | Reached XP level 6. HP: 35/55 MP: 5/5
  2420 | D:4      | Reached skill level 5 in Fighting
  2430 | D:4      | Reached skill level 5 in Long Blades
  2607 | D:3      | Reached * piety under Okawaru
  2751 | D:4      | Reached XP level 7. HP: 58/61 MP: 6/6
  3089 | D:5      | Entered Level 5 of the Dungeon
  3222 | D:5      | Found Hocug's Weapon Shoppe.
  3859 | D:5      | Got a brightly glowing ivory ring
  3943 | D:5      | Identified the ring "Udosho" {MR+ MP+9 Int+4 Dex+4} (You
                  | found it on level 5 of the Dungeon)
  4075 | D:6      | Found an opulent altar of Gozag.
  4107 | D:6      | Found a hazy altar of Hepliaklqana.
  4146 | D:6      | Reached XP level 8. HP: 69/69 MP: 7/7
  4203 | D:6      | Reached ** piety under Okawaru
  4242 | D:6      | Noticed Blork the orc
  4249 | D:6      | Cast into level 1 of the Abyss (Blork the orc)
  4249 | Abyss:1  | Found a corrupted altar of Lugonu.
  4382 | Abyss:1  | Noticed a large abomination
  4402 | Abyss:1  | HP: 1/70 [large abomination (25)]
  4403 | Abyss:1  | Mangled by a large abomination

Skill      XL: |  1  2  3  4  5  6  7  8 |
---------------+-------------------------+-----
Armour         | 4 5 6 |  6.2
Fighting       | 4 5 |  5.7
Shields        | 4 5 6 7 |  7.6
Long Blades    | 3 4 5 6 7 |  7.5
Dodging        | 1 2 |  2.3
Stealth        | |  0.4
Invocations    | |  0.1

Action                   |  1- 3 |  4- 6 |  7- 9 || total
-------------------------+-------+-------+-------++-------
Melee: Long sword        |   106 |   112 |   144 ||   362
       Headbutt          |    20 |    22 |    40 ||    82
Invok: Heroism           |       |       |     2 ||     2
  Use: Potion            |       |     3 |     1 ||     4
       Scroll            |       |       |     3 ||     3
  Eat: Chunk             |     1 |    16 |     4 ||    21
Armor: Scale mail        |    43 |       |       ||    43
       Chain mail        |     9 |    79 |    51 ||   139
Dodge: Dodged            |    38 |    26 |    38 ||   102
Block: Shield            |    87 |    63 |    86 ||   236
       Rpst.: Long sword |    12 |     6 |    10 ||    28
